[Event "Wednesday April 4 Engine Tour 9 Rd Swiss 12m+1s Starts at 1600hrs ST"]
[Site "Infinity Chess"]
[Date "2018.4.4"]
[Round "6"]
[White "KRAKEN"]
[Black "RonWeasley"]
[Result "1/2-1/2"]
[ECO "E10"]
[WhiteElo "2464"]
[BlackElo "2446"]
[WhiteEngine "Raubfisch ME262_GTZ17_CTG"]
[BlackEngine "BrainFish 010418 WM_CTG"]
[EventType "Swiss"]
[WhiteTeam ""]
[BlackTeam ""]
[PlyCount "183"]
[TimeControl "720+1"]

1. d4 Nf6 2. c4 e6 3. Nf3 d5 4. Nc3 c6 5. Bg5 h6 6. Bxf6 Qxf6 7. e3 Nd7 
8. Be2 g6 9. O-O Be7 10. Qc2 O-O 11. Rad1 Qg7 12. a3 a6 13. Rfe1 b5 
14. cxd5 cxd5 15. a4 bxa4 16. Nxa4 Bb4 17. Rf1 Rb8 18. Qc7 Rb7 19. Qc2 Rb8 
20. Rc1 Qf6 21. Qc7 Rb7 22. Qc6 Ra7 23. Nb6 Nxb6 24. Qxb6 Qe7 25. Rc2 Bd6 
26. Rfc1 Ra8 27. Ra1 Rd8 28. g3 Kg7 29. Bf1 Rd7 30. Ne5 Rda7 31. Qa5 Bd7 
32. Nxd7 Qxd7 33. b4 Qe7 34. Rb2 h5 35. Qa4 Qd8 36. Qc6 Rc7 37. Qb6 Rb8 
38. Qxa6 Rxb4 39. Rxb4 Bxb4 40. Rb1 Qe7 41. Qd3 h4 42. Qd1 hxg3 43. hxg3 Bd6 
44. Rb8 Ra7 45. Rb3 Rc7 46. Rb6 Rb7 47. Rxb7 Qxb7 48. Qc2 Qb4 49. Qe2 Be7 
50. Kh2 Bg5 51. Qc2 Qb8 52. Bd3 Bf6 53. Kg2 Qd8 54. Qb1 Qh8 55. Be2 Qg8 
56. Qb7 Qh8 57. Bf3 Qd8 58. Be2 Qh8 59. f4 Qd8 60. Bd3 Qa5 61. Qb2 Qe1 
62. Qe2 Qa1 63. Kf3 Bd8 64. Qd2 Be7 65. Kg2 Qa3 66. Kf3 Bd6 67. Qc2 Qa5 
68. Ke2 Qa1 69. Kf2 Qh1 70. Bf1 Qh2+ 71. Bg2 Qh5 72. Qc6 Bb4 73. Qc2 Be7 
74. Qb1 Bf6 75. Qc2 g5 76. fxg5 Qxg5 77. Bf3 Bd8 78. Qc8 Ba5 79. Qb8 Bd2 
80. Qf4 Qxf4 81. exf4 Kg6 82. Be2 f5 83. Bd3 Kh5 84. Bb5 Kg6 85. Be2 Kf6 
86. Kf3 Bc3 87. Ke3 Kg6 88. g4 fxg4 89. Bxg4 Kf6 90. Bf3 Ke7 91. f5 exf5 
92. Bxd5 1/2-1/2

[Event "Wednesday April 4 Engine Tour 9 Rd Swiss 12m+1s Starts at 1600hrs ST"]
[Site "Infinity Chess"]
[Date "2018.4.4"]
[Round "6"]
[White "Thinker"]
[Black "Harry_Potter"]
[Result "0-1"]
[ECO "C50"]
[WhiteElo "2454"]
[BlackElo "2474"]
[WhiteEngine "BrainFish_180329_x64_modern_CTG"]
[BlackEngine "asmFishW_2018-03-27_bmi2_CTG"]
[EventType "Swiss"]
[WhiteTeam ""]
[BlackTeam ""]
[PlyCount "172"]
[TimeControl "720+1"]

1. e4 e5 2. Nf3 Nc6 3. Bc4 Bc5 4. O-O Nf6 5. d3 d6 6. c3 O-O 7. Bg5 h6 8. Bh4 a5 
9. Nbd2 Ba7 10. Re1 g5 11. Bg3 Nh7 12. h3 g4 13. hxg4 Bxg4 14. Kh1 Qf6 
15. Qc2 Qg7 16. Nh4 Nf6 17. Ndf3 Kh8 18. Qd2 Rg8 19. Rg1 Bb6 20. Bb3 Bd7 
21. Bc2 Qh7 22. Bh2 Rg5 23. g3 Rh5 24. Rg2 Bh3 25. Nf5 Bxf5 26. exf5 Qxf5 
27. Bd1 Ng4 28. Nh4 Qe6 29. Bxg4 Qxg4 30. Rf1 Rg8 31. f4 f6 32. fxe5 fxe5 
33. Bg1 Qh3+ 34. Bh2 Qe6 35. Qe2 Rhg5 36. d4 Qg4 37. Qxg4 Rxg4 38. dxe5 Nxe5 
39. Nf5 Rf8 40. Bg1 Bxg1 41. Kxg1 Kh7 42. Ne3 Rxf1+ 43. Kxf1 Rg7 44. Rg1 c6 
45. b3 d5 46. Kg2 Kg6 47. Re1 Rd7 48. Re2 h5 49. Nc2 Re7 50. b4 axb4 
51. cxb4 Kf6 52. a4 Nc4 53. Rxe7 Kxe7 54. Nd4 Kd6 55. Kf3 Nb2 56. a5 Nd3 
57. Nc2 c5 58. bxc5+ Nxc5 59. Nd4 Ne6 60. Nc2 Kc5 61. Ne3 Nd4+ 62. Kf2 Nc6 
63. Ng2 Nxa5 64. Nf4 b5 65. Ke2 b4 66. Kd3 b3 67. Ne6+ Kb4 68. Nf4 b2 
69. Kc2 Nc4 70. Nxd5+ Ka3 71. Nc3 Ne3+ 72. Kd3 Nf5 73. Kc2 Nxg3 74. Kb1 h4 
75. Nb5+ Kb4 76. Nd4 h3 77. Kxb2 h2 78. Nc2+ Kc5 79. Ne1 h1=Q 80. Nd3+ Kd4 
81. Nc1 Kc4 82. Na2 Qb7+ 83. Ka1 Kb3 84. Nc1+ Kc2 85. Nb3 Kxb3 86. Kb1 Qh1# 0-1

[Event "Wednesday April 4 Engine Tour 9 Rd Swiss 12m+1s Starts at 1600hrs ST"]
[Site "Infinity Chess"]
[Date "2018.4.4"]
[Round "6"]
[White "Marsell"]
[Black "MarioDeMonti"]
[Result "1/2-1/2"]
[ECO "C53"]
[WhiteElo "2470"]
[BlackElo "2510"]
[WhiteEngine "asmFishW_2018-04-02_bmi2"]
[BlackEngine "stockfish_x64_bmi2_2018_02_18_CTG"]
[EventType "Swiss"]
[WhiteTeam ""]
[BlackTeam ""]
[PlyCount "122"]
[TimeControl "720+1"]

1. e4 e5 2. Nf3 Nc6 3. Bc4 Bc5 4. c3 Nf6 5. d3 d6 6. O-O O-O 7. h3 a5 8. Nbd2 h6 
9. Re1 Be6 10. b3 Bb6 11. a4 d5 12. Bb5 Ne7 13. exd5 Nfxd5 14. Qc2 c6 
15. Bc4 Ng6 16. d4 Ndf4 17. dxe5 Nh4 18. Bf1 Bd5 19. Re4 Nfg6 20. Bc4 Re8 
21. g3 Nxf3+ 22. Nxf3 Qd7 23. Bxd5 cxd5 24. Rg4 Qc6 25. Bb2 Nxe5 26. Nxe5 Rxe5 
27. c4 Rg5 28. Rxg5 hxg5 29. Rc1 dxc4 30. Qxc4 Qxc4 31. Rxc4 Rd8 32. Bc3 Rd3 
33. Kg2 Kh7 34. b4 axb4 35. Bxb4 Kg6 36. Bc5 Bxc5 37. Rxc5 Rb3 38. a5 Kf6 
39. a6 Kg6 40. axb7 Rxb7 41. Rc6+ f6 42. Ra6 Kf5 43. Ra5+ Ke6 44. Ra2 Kf7 
45. Ra6 g6 46. Ra3 f5 47. Kf3 Rb6 48. Ra7+ Ke6 49. Ke3 Kf6 50. Kf3 Rb2 
51. Kg2 Rb3 52. Ra6+ Kf7 53. Ra7+ Kf6 54. g4 f4 55. Ra6+ Kf7 56. Ra7+ Ke6 
57. Ra6+ Kf7 58. Ra7+ Ke6 59. Ra1 Kf7 60. Ra2 Kf6 61. Ra6+ Kf7 1/2-1/2

[Event "Wednesday April 4 Engine Tour 9 Rd Swiss 12m+1s Starts at 1600hrs ST"]
[Site "Infinity Chess"]
[Date "2018.4.4"]
[Round "6"]
[White "SkyPilot"]
[Black "MCDermont"]
[Result "1/2-1/2"]
[ECO "C02"]
[WhiteElo "2486"]
[BlackElo "2506"]
[WhiteEngine "stockfish_x64_bmi2_2018_03_30_CTG"]
[BlackEngine "BrainFish 010418 WM_CTG"]
[EventType "Swiss"]
[WhiteTeam ""]
[BlackTeam ""]
[PlyCount "181"]
[TimeControl "720+1"]

1. e4 e6 2. d4 d5 3. e5 c5 4. c3 Nc6 5. Nf3 Qb6 6. a3 f6 7. Bd3 fxe5 
8. dxe5 Nge7 9. c4 dxc4 10. Bxc4 Nf5 11. Nc3 Be7 12. O-O O-O 13. Re1 Qd8 
14. Ba2 b6 15. Be3 Rb8 16. Qa4 Qe8 17. Rad1 b5 18. Qe4 Kh8 19. Bb1 b4 
20. Ne2 bxa3 21. bxa3 Nd8 22. Qc4 Bb7 23. Be4 Nxe3 24. fxe3 Bxe4 25. Qxe4 Rb3 
26. Nf4 Rxa3 27. h4 Rb3 28. Qc4 Rb7 29. Re2 Rb4 30. Qc2 g6 31. Red2 Rb7 
32. Qc4 Rg8 33. Ra2 Qf7 34. Rad2 Qe8 35. Ra1 Qc6 36. Kh2 Qc8 37. Ra4 Re8 
38. Qa2 Qb8 39. Ra6 Rf8 40. Qa4 Qc7 41. Nxe6 Nxe6 42. Rxe6 Kg7 43. Rdd6 Kh8 
44. Rd2 Kg7 45. Rdd6 Kh8 46. Qe4 Qc8 47. Ng5 Rf5 48. Qd5 Rf8 49. Rc6 Qd7 
50. e4 Qd8 51. Nf3 Qb8 52. Rcd6 Qc8 53. Kg3 a5 54. Ra6 Rc7 55. Rxa5 c4 
56. Rea6 Rd7 57. Rd6 Rc7 58. Rda6 Rd7 59. Rd6 Rc7 60. Raa6 Rg8 61. Ng5 c3 
62. Nf7+ Kg7 63. Rdc6 c2 64. Qc4 Rxc6 65. Rxc6 Qa8 66. e6 Qa1 67. Qc3+ Qxc3+ 
68. Rxc3 Kf6 69. Rxc2 Kxe6 70. Ng5+ Bxg5 71. hxg5 Rf8 72. Rc5 Rf7 73. e5 Rf1 
74. Rc6+ Kxe5 75. Kg4 Rg1 76. g3 Ra1 77. Rc5+ Kd4 78. Rc7 Ke5 79. Rxh7 Ra6 
80. Rh1 Ke6 81. Re1+ Kd5 82. Re2 Ra1 83. Kh3 Ra3 84. Kh4 Ra1 85. g4 Rb1 
86. Rf2 Ra1 87. Rf6 Ke5 88. Rxg6 Rh1+ 89. Kg3 Rg1+ 90. Kf3 Ra1 91. Rc6 1/2-1/2

[Event "Wednesday April 4 Engine Tour 9 Rd Swiss 12m+1s Starts at 1600hrs ST"]
[Site "Infinity Chess"]
[Date "2018.4.4"]
[Round "6"]
[White "ivrdurant"]
[Black "THE_MACHINE"]
[Result "1/2-1/2"]
[ECO "C55"]
[WhiteElo "2487"]
[BlackElo "2490"]
[WhiteEngine "Raubfisch X38"]
[BlackEngine "BrainFish_180401_x64_bmi2"]
[EventType "Swiss"]
[WhiteTeam ""]
[BlackTeam ""]
[PlyCount "136"]
[TimeControl "720+1"]

1. e4 e5 2. Nf3 Nc6 3. Bc4 Nf6 4. d3 Bc5 5. c3 d6 6. O-O O-O 7. h3 a5 8. Bg5 h6 
9. Bh4 g5 10. Bg3 Nh5 11. d4 Nxg3 12. fxg3 Ba7 13. Kh2 g4 14. Nh4 exd4 
15. Nf5 Kh7 16. h4 Bxf5 17. Rxf5 Ne5 18. Be2 dxc3 19. Nxc3 c6 20. Bxg4 Qb6 
21. Bh5 Rae8 22. Rb1 Re6 23. Ne2 Qb4 24. Qf1 Qxe4 25. Rf4 Qe3 26. b4 a4 
27. b5 Re7 28. Rxa4 Qf2 29. Qd1 Be3 30. Qxd6 Rfe8 31. Qd1 c5 32. Re4 c4 
33. Nc3 Rd7 34. Qe2 Qxe2 35. Nxe2 Bb6 36. Rf1 Kg7 37. Rf5 Bc7 38. b6 Bb8 
39. a4 Ree7 40. Nd4 c3 41. Rf2 Kf8 42. Nf5 Re6 43. Rc2 Nc6 44. Rc4 Rd5 
45. R2xc3 Rxf5 46. Bg4 Rd5 47. Bxe6 fxe6 48. Kh3 Ke7 49. g4 Rd1 50. g3 Rh1+ 
51. Kg2 Rb1 52. Re4 Rxb6 53. Kh3 e5 54. g5 hxg5 55. hxg5 Kf7 56. Rh4 Kg6 
57. Rf3 Rb1 58. Rf8 Ba7 59. Rg8+ Kf7 60. Rc8 Ne7 61. Rc7 Bb8 62. Rh7+ Kg6 
63. Rcxe7 Rh1+ 64. Kg4 Rxh7 65. Re6+ Kg7 66. Re7+ Kg6 67. Re6+ Kg7 68. Re7+ Kg6 
1/2-1/2

[Event "Wednesday April 4 Engine Tour 9 Rd Swiss 12m+1s Starts at 1600hrs ST"]
[Site "Infinity Chess"]
[Date "2018.4.4"]
[Round "6"]
[White "Brtroy"]
[Black "hafaba"]
[Result "1/2-1/2"]
[ECO "C58"]
[WhiteElo "2522"]
[BlackElo "2466"]
[WhiteEngine "Stockfish_18040103_x64_bmi2_CTG"]
[BlackEngine "Eman 1.70-beta13 64-bit POPCNT"]
[EventType "Swiss"]
[WhiteTeam ""]
[BlackTeam ""]
[PlyCount "123"]
[TimeControl "720+1"]

1. e4 e5 2. Nf3 Nc6 3. Bc4 Nf6 4. Ng5 d5 5. exd5 Na5 6. Bb5+ c6 7. dxc6 bxc6 
8. Be2 h6 9. Nh3 Bd6 10. d3 O-O 11. Nc3 Nd5 12. O-O Rb8 13. Kh1 Bc7 14. Ng1 c5 
15. Nxd5 Qxd5 16. Qe1 Nc6 17. Bf3 Qd6 18. Bxc6 Qxc6 19. f3 f5 20. Qc3 Re8 
21. Be3 Bd6 22. Rad1 Qc7 23. b3 Ba6 24. Rf2 Rbd8 25. Qe1 Qc6 26. c4 Bc7 
27. Rf1 Bb7 28. Ne2 Bb6 29. Qc3 Rd6 30. Qc2 Red8 31. Nc3 Qd7 32. h3 Rxd3 
33. Rxd3 Qxd3 34. Qc1 Qd7 35. Rd1 Qe8 36. Rxd8 Qxd8 37. Qc2 Qd7 38. Kg1 Bc6 
39. Bf2 Kf7 40. Nd5 h5 41. a4 Ke6 42. Qc3 Bxd5 43. cxd5+ Qxd5 44. a5 Bd8 
45. Bxc5 a6 46. b4 Kd7 47. Kh1 Bc7 48. Bb6 Bd6 49. Bg1 g6 50. Qe3 Bc7 
51. Qf2 Kc8 52. Bh2 Kb7 53. Bg1 Qc6 54. Qb2 g5 55. Qf2 f4 56. Qa7+ Kc8 
57. Bf2 Qc1+ 58. Kh2 Qc6 59. Kh1 Qc1+ 60. Kh2 Qc6 61. Kg1 Qc1+ 62. Kh2 1/2-1/2

[Event "Wednesday April 4 Engine Tour 9 Rd Swiss 12m+1s Starts at 1600hrs ST"]
[Site "Infinity Chess"]
[Date "2018.4.4"]
[Round "5"]
[White "angriff"]
[Black "Vimtiroba"]
[Result "0-1"]
[ECO "C50"]
[WhiteElo "2407"]
[BlackElo "2381"]
[WhiteEngine "DracoREX 3.07 64BIT POPCNT_CTG"]
[BlackEngine "AsmFish@ ''A3''_CTG"]
[EventType "Swiss"]
[WhiteTeam ""]
[BlackTeam ""]
[PlyCount "210"]
[TimeControl "720+1"]

1. e4 e5 2. Nf3 Nc6 3. Bc4 Bc5 4. O-O d6 5. c3 Nf6 6. d3 O-O 7. Bg5 a5 8. a4 h6 
9. Bh4 Be6 10. Nbd2 Qe7 11. Re1 g5 12. Bg3 Ne8 13. Bxe6 fxe6 14. Nc4 Qf7 
15. Qb3 Rb8 16. Rf1 Ng7 17. Qb5 Qe8 18. Kh1 Nh5 19. Rae1 g4 20. Nfd2 Qe7 
21. Rd1 Rf7 22. Rde1 Qg5 23. d4 exd4 24. e5 Nxg3+ 25. fxg3 Rbf8 26. Rxf7 Rxf7 
27. exd6 cxd6 28. Ne4 Qd5 29. Ncxd6 Bxd6 30. Qxd5 exd5 31. Nxd6 Rf2 
32. cxd4 Rxb2 33. Kg1 Rb4 34. Kf2 Rxa4 35. Re8+ Kg7 36. Nxb7 Rxd4 37. Ra8 Rd2+ 
38. Kf1 Rb2 39. Nc5 Rc2 40. Nd3 Kf6 41. h3 Kf5 42. hxg4+ Kxg4 43. Rf8 d4 
44. Rf4+ Kg5 45. Ne1 Rc4 46. Nf3+ Kg6 47. Rf8 Rc2 48. Ra8 Kf7 49. Ra6 Ke7 
50. Nxd4 Nxd4 51. Rxa5 Rc1+ 52. Kf2 Kf6 53. g4 Rc3 54. g3 Nb3 55. Rf5+ Kg6 
56. Kg2 Rc2+ 57. Kh3 Nd4 58. Rd5 Nf3 59. Rd6+ Kg7 60. g5 Nxg5+ 61. Kg4 Ne4 
62. Rd8 Nf6+ 63. Kf3 Rc3+ 64. Kf4 Kg6 65. Rd6 Rc4+ 66. Kf3 Kg5 67. Rd8 Ne4 
68. Rd5+ Kg6 69. Rb5 Ng5+ 70. Kf2 Kh5 71. Rb6 Rc2+ 72. Ke1 Ne4 73. Kd1 Rg2 
74. g4+ Rxg4 75. Re6 Kg5 76. Re8 h5 77. Re5+ Kg6 78. Ke2 h4 79. Kf3 Nf6 
80. Re6 Rg3+ 81. Kf2 Kf5 82. Rc6 Ng4+ 83. Ke2 Rg2+ 84. Kf1 h3 85. Rc7 Rf2+ 
86. Ke1 h2 87. Rh7 Nh6 88. Rxh6 Rg2 89. Rh5+ Kg4 90. Rh6 Rg1+ 91. Kd2 h1=Q 
92. Rxh1 Rxh1 93. Ke3 Kf5 94. Kd3 Ke5 95. Kc4 Rd1 96. Kc3 Rd4 97. Kb2 Ke4 
98. Kc2 Rd3 99. Kc1 Ke3 100. Kc2 Ke2 101. Kb1 Kd2 102. Kb2 Rh3 103. Ka1 Kc2 
104. Ka2 Rc3 105. Ka1 Ra3# 0-1

[Event "Wednesday April 4 Engine Tour 9 Rd Swiss 12m+1s Starts at 1600hrs ST"]
[Site "Infinity Chess"]
[Date "2018.4.4"]
[Round "5"]
[White "Mr Aj"]
[Black "ocirema"]
[Result "1/2-1/2"]
[ECO "D30"]
[WhiteElo "2427"]
[BlackElo "2409"]
[WhiteEngine "Houdini 6"]
[BlackEngine "asmFishW_2018-04-01_popcnt_CTG"]
[EventType "Swiss"]
[WhiteTeam ""]
[BlackTeam ""]
[PlyCount "110"]
[TimeControl "720+1"]

1. d4 d5 2. c4 e6 3. Nf3 Nf6 4. Nc3 c6 5. Bg5 h6 6. Bxf6 Qxf6 7. e3 Nd7 
8. Bd3 dxc4 9. Bxc4 g6 10. O-O Bg7 11. e4 e5 12. d5 Nb6 13. Nd2 O-O 14. Bb3 h5 
15. h3 Bh6 16. Nf3 c5 17. Qe2 c4 18. Bc2 Bd7 19. a4 a5 20. Kh2 Rfe8 21. g3 Qd6 
22. Ra2 Qb4 23. Nh4 Qc5 24. Rb1 Bf8 25. b3 cxb3 26. Rxb3 Rac8 27. Bd3 Qc7 
28. Bb5 Bb4 29. Nf3 Qc5 30. Bxd7 Nxd7 31. Nb5 Qc4 32. Rd3 Nc5 33. Re3 Nd7 
34. Rd3 f6 35. Na7 Nc5 36. Re3 Qxe2 37. Rexe2 Rcd8 38. Nb5 Rf8 39. h4 Rd7 
40. Kg2 b6 41. Ng1 Rc8 42. Rac2 Rdd8 43. Na7 Rc7 44. Nc6 Rdc8 45. Ra2 Kf7 
46. Nf3 Rxc6 47. dxc6 Rxc6 48. Rec2 Ke6 49. Ng1 Rd6 50. f3 Rd1 51. Ne2 Rd3 
52. Nc1 Rd1 53. Ne2 Rd3 54. Nc1 Rd6 55. Ne2 Rd3 1/2-1/2

[Event "Wednesday April 4 Engine Tour 9 Rd Swiss 12m+1s Starts at 1600hrs ST"]
[Site "Infinity Chess"]
[Date "2018.4.4"]
[Round "5"]
[White "KillBill2017"]
[Black "star99"]
[Result "1/2-1/2"]
[ECO "C42"]
[WhiteElo "2423"]
[BlackElo "2415"]
[WhiteEngine "Raubfisch ME262_GTZ17_CTG"]
[BlackEngine "Cryptic Heroes 9.2B"]
[EventType "Swiss"]
[WhiteTeam ""]
[BlackTeam ""]
[PlyCount "140"]
[TimeControl "720+1"]

1. e4 e5 2. Nf3 Nf6 3. Nc3 Nc6 4. Bb5 Nd4 5. Ba4 c6 6. Nxe5 d6 7. Nf3 Bg4 
8. d3 Bh5 9. h3 Nxf3+ 10. gxf3 Be7 11. Bb3 d5 12. exd5 Nxd5 13. Ne4 Qc7 
14. Ng3 Bg6 15. h4 h5 16. Bxd5 cxd5 17. Ne2 O-O 18. Be3 Rac8 19. c3 Qd7 
20. Qd2 Rc6 21. Nd4 Ra6 22. a3 Rc8 23. f4 Bf6 24. f3 Bf5 25. Kf2 Re8 
26. Rag1 Rd6 27. Kg3 b6 28. Bf2 Bxd4 29. Bxd4 Rde6 30. Re1 Rg6+ 31. Kf2 Rxe1 
32. Kxe1 Qb5 33. Kf2 Kh7 34. Be3 Re6 35. Rc1 Rg6 36. Rh1 Re6 37. Rc1 Qd7 
38. Bd4 Bg6 39. Rd1 Qe7 40. Rh1 b5 41. Be3 Bf5 42. Bd4 Bg6 43. Be3 a5 44. b4 Qd8 
45. Kg3 Bf5 46. Bd4 Qe7 47. Bc5 Qd8 48. Kf2 a4 49. Kg3 Kg8 50. Rh2 Qc8 
51. Re2 Qe8 52. Rxe6 Qxe6 53. Bd4 Qg6+ 54. Kf2 Bxd3 55. Qe3 f6 56. Qe6+ Qf7 
57. Qc6 Kh7 58. f5 Qe7 59. Qe6 Qc7 60. Ke3 Bf1 61. Qe8 Qh2 62. Qxh5+ Kg8 
63. Qe8+ Kh7 64. Qh5+ Kg8 65. Qg6 Qxh4 66. Qe8+ Kh7 67. Qg6+ Kh8 68. Qe8+ Kh7 
69. Qg6+ Kh8 70. Qe8+ Kh7 1/2-1/2

[Event "Wednesday April 4 Engine Tour 9 Rd Swiss 12m+1s Starts at 1600hrs ST"]
[Site "Infinity Chess"]
[Date "2018.4.4"]
[Round "5"]
[White "CrapCleaner"]
[Black "RonWeasley"]
[Result "1/2-1/2"]
[ECO "C11"]
[WhiteElo "2418"]
[BlackElo "2447"]
[WhiteEngine "Raubfisch ME262_GTZ16e2_CTG"]
[BlackEngine "BrainFish 010418 WM_CTG"]
[EventType "Swiss"]
[WhiteTeam ""]
[BlackTeam ""]
[PlyCount "82"]
[TimeControl "720+1"]

1. e4 e6 2. d4 d5 3. Nc3 Nf6 4. e5 Nfd7 5. f4 c5 6. Nf3 Nc6 7. Be3 cxd4 
8. Nxd4 Qb6 9. Na4 Qa5+ 10. Nc3 Qb6 11. Qd2 Qxb2 12. Rb1 Qa3 13. Bb5 Nxd4 
14. Bxd4 a6 15. Rb3 Qe7 16. Ba4 g6 17. O-O Bg7 18. Bxd7+ Qxd7 19. Bc5 b5 
20. Qd4 Qc7 21. a4 Bd7 22. axb5 Rc8 23. Bb4 axb5 24. Ra1 Qc4 25. Qxc4 bxc4 
26. Rb2 Rb8 27. Bd6 Rxb2 28. Ra8+ Bc8 29. Rxc8+ Kd7 30. Rc7+ Kd8 31. Na4 Rb1+ 
32. Kf2 Bf8 33. Ke3 Rb5 34. Kd4 Rb4 35. Nc5 c3+ 36. Kxc3 Rxf4 37. Nb7+ Ke8 
38. Rc8+ Kd7 39. Rc7+ Ke8 40. Rc8+ Kd7 41. Rc7+ Ke8 1/2-1/2

[Event "Wednesday April 4 Engine Tour 9 Rd Swiss 12m+1s Starts at 1600hrs ST"]
[Site "Infinity Chess"]
[Date "2018.4.4"]
[Round "5"]
[White "hafaba"]
[Black "MiKachomiKa QueeN"]
[Result "1-0"]
[ECO "D30"]
[WhiteElo "2450"]
[BlackElo "2441"]
[WhiteEngine "Eman 1.70-beta13 64-bit POPCNT"]
[BlackEngine "BrainFish_180401_x64_modern"]
[EventType "Swiss"]
[WhiteTeam ""]
[BlackTeam ""]
[PlyCount "161"]
[TimeControl "720+1"]

1. d4 d5 2. c4 e6 3. Nf3 Nf6 4. Nc3 dxc4 5. e4 Bb4 6. Bg5 c5 7. Bxc4 cxd4 
8. Nxd4 Bxc3+ 9. bxc3 Qa5 10. Bb5+ Bd7 11. Bxf6 gxf6 12. Bxd7+ Nxd7 13. O-O a6 
14. Rb1 Qc7 15. Qh5 Nc5 16. Rb4 Qe5 17. Qh6 Rc8 18. Nf3 Qxc3 19. Rd4 Ke7 
20. Rc1 Qb2 21. e5 Nd7 22. Rcd1 Rhd8 23. Rxd7+ Rxd7 24. Qxf6+ Kf8 25. Re1 Rdc7 
26. Ng5 Ke8 27. h4 Qb4 28. Re4 Qe7 29. Qh6 b5 30. Qxh7 Kd8 31. Qh5 Rc1+ 
32. Kh2 Kc7 33. Rf4 Kb6 34. Rxf7 Qa3 35. Nxe6 Qxa2 36. Nd4 Qb1 37. Rf6+ Ka5 
38. Qg5 Rh1+ 39. Kg3 Rc3+ 40. Nf3 Qe4 41. Rf4 Qd5 42. Qe7 Kb6 43. Qf6+ Rc6 
44. Qg5 Rhc1 45. Rd4 Qf7 46. Qe3 Ka5 47. Kh2 R1c4 48. Rxc4 Rxc4 49. e6 Qg6 
50. g3 Qf6 51. e7 Rc8 52. h5 Re8 53. Nd4 Ka4 54. Qd2 Qf7 55. h6 b4 56. Qd3 b3 
57. h7 Kb4 58. Nxb3 Qxe7 59. Nd2 Qe5 60. Qc4+ Ka5 61. Qb3 Qh5+ 62. Kg2 Rc8 
63. Qa3+ Kb5 64. Qd3+ Kc6 65. Qxa6+ Kc7 66. Ne4 Qe5 67. Nf6 Rf8 68. Qc4+ Kd8 
69. Qd3+ Ke7 70. Nd7 Qc7 71. Nxf8 Qb7+ 72. Kg1 Qb2 73. Ng6+ Ke6 74. h8=Q Qxh8 
75. Nxh8 Ke7 76. Ng6+ Kf7 77. f4 Kg7 78. Ne5 Kh8 79. g4 Kg7 80. Qg6+ Kh8 
81. Nf7# 1-0

[Event "Wednesday April 4 Engine Tour 9 Rd Swiss 12m+1s Starts at 1600hrs ST"]
[Site "Infinity Chess"]
[Date "2018.4.4"]
[Round "5"]
[White "Harry_Potter"]
[Black "KRAKEN"]
[Result "1/2-1/2"]
[ECO "D31"]
[WhiteElo "2474"]
[BlackElo "2464"]
[WhiteEngine "asmFishW_2018-03-27_bmi2_CTG"]
[BlackEngine "Raubfisch ME262_GTZ17_CTG"]
[EventType "Swiss"]
[WhiteTeam ""]
[BlackTeam ""]
[PlyCount "150"]
[TimeControl "720+1"]

1. d4 d5 2. c4 e6 3. Nc3 c6 4. cxd5 exd5 5. Bf4 Nf6 6. e3 Bf5 7. Nf3 Nbd7 
8. Be2 Qb6 9. Qc1 h6 10. O-O Be7 11. h3 O-O 12. a3 a5 13. Bd1 Rfe8 14. Bc2 Bxc2 
15. Qxc2 Qd8 16. Rac1 Rc8 17. Rfd1 Nb6 18. Bh2 Bd6 19. Bxd6 Qxd6 20. Ne5 Ra8 
21. Qb3 Qd8 22. Re1 Re7 23. Qc2 Nc8 24. g3 Nd6 25. Kg2 Nd7 26. Nd3 g6 27. a4 Nf5 
28. Qb3 Nf6 29. Ne2 Kg7 30. Ne5 Rc8 31. Nf4 Ne4 32. h4 h5 33. Qd1 Ned6 
34. Qf3 Rb8 35. Rc3 Qb6 36. Qd1 Rbe8 37. Qc2 Qd8 38. Rd3 Rg8 39. Rh1 Qe8 
40. Qe2 Kh8 41. Nf3 f6 42. Rdd1 Ne4 43. Rde1 Rh7 44. Nd3 Rgg7 45. Qc2 Re7 
46. Nf4 Kg8 47. Qd3 Nfd6 48. Qe2 Nf5 49. Qd3 Nfd6 50. Qe2 Reg7 51. Qc2 g5 
52. Nd3 Qe6 53. hxg5 fxg5 54. Nfe5 g4 55. Nf4 Qe8 56. Kf1 h4 57. Rxh4 Rxh4 
58. gxh4 Qe7 59. Kg2 Nf5 60. Neg6 Qf6 61. h5 g3 62. f3 Nf2 63. Qd2 Rxg6 
64. Nxg6 Qg5 65. Qxa5 Qxh5 66. Qd8+ Kg7 67. Qh8+ Kxg6 68. Qe8+ Kg5 69. Qd8+ Kh6 
70. Qh8+ Kg5 71. f4+ Kg6 72. Qe8+ Kh6 73. Qh8+ Kg6 74. Qe8+ Kh6 75. Qh8+ Kg6 
1/2-1/2

[Event "Wednesday April 4 Engine Tour 9 Rd Swiss 12m+1s Starts at 1600hrs ST"]
[Site "Infinity Chess"]
[Date "2018.4.4"]
[Round "5"]
[White "Thinker"]
[Black "SkyPilot"]
[Result "1/2-1/2"]
[ECO "C55"]
[WhiteElo "2453"]
[BlackElo "2487"]
[WhiteEngine "BrainFish_180329_x64_modern_CTG"]
[BlackEngine "stockfish_x64_bmi2_2018_03_30_CTG"]
[EventType "Swiss"]
[WhiteTeam ""]
[BlackTeam ""]
[PlyCount "113"]
[TimeControl "720+1"]

1. e4 e5 2. Nf3 Nc6 3. Bc4 Nf6 4. d3 Bc5 5. c3 d6 6. O-O O-O 7. Bg5 h6 8. Bh4 g5 
9. Bg3 a5 10. a4 Kg7 11. Nbd2 Ba7 12. Re1 Ng8 13. h3 h5 14. Nf1 Nh6 15. d4 g4 
16. Bh4 Qe8 17. hxg4 hxg4 18. N3h2 exd4 19. cxd4 Bxd4 20. Ne3 f6 21. Nd5 Qf7 
22. b3 Be5 23. Rc1 Rh8 24. g3 Be6 25. Ne3 Rh7 26. Nf5+ Kh8 27. Nxh6 Rxh6 
28. Nxg4 Rxh4 29. gxh4 Rg8 30. f3 Nd4 31. Kf2 Qh5 32. Bxe6 Nxe6 33. Nxe5 fxe5 
34. Rg1 Qxh4+ 35. Ke3 Qf4+ 36. Ke2 Qh2+ 37. Ke3 Qf4+ 38. Ke2 Rxg1 39. Qxg1 Nd4+ 
40. Kd3 Qxf3+ 41. Qe3 Qxe3+ 42. Kxe3 Ne6 43. Rb1 Nc5 44. b4 axb4 45. Rxb4 b6 
46. a5 bxa5 47. Rb5 a4 48. Rb8+ Kg7 49. Rc8 a3 50. Rxc7+ Kf6 51. Ra7 d5 
52. exd5 a2 53. d6 a1=R 54. Rxa1 Nd7 55. Rh1 Ke6 56. Kf3 Kxd6 57. Ke3 1/2-1/2

[Event "Wednesday April 4 Engine Tour 9 Rd Swiss 12m+1s Starts at 1600hrs ST"]
[Site "Infinity Chess"]
[Date "2018.4.4"]
[Round "5"]
[White "THE_MACHINE"]
[Black "Marsell"]
[Result "1/2-1/2"]
[ECO "C55"]
[WhiteElo "2491"]
[BlackElo "2469"]
[WhiteEngine "BrainFish_180401_x64_bmi2"]
[BlackEngine "asmFishW_2018-04-02_bmi2"]
[EventType "Swiss"]
[WhiteTeam ""]
[BlackTeam ""]
[PlyCount "192"]
[TimeControl "720+1"]

1. e4 e5 2. Nf3 Nc6 3. Bc4 Nf6 4. d3 Bc5 5. c3 d6 6. O-O O-O 7. Nbd2 a6 
8. a4 Ne7 9. Re1 Ng6 10. Nf1 c6 11. h3 Ba7 12. Ba2 d5 13. exd5 Nxd5 14. d4 exd4 
15. Nxd4 Ndf4 16. Bxf4 Nxf4 17. Re4 Qf6 18. Ne3 Bb8 19. Kf1 Bd7 20. Ne2 Nxe2 
21. Qxe2 Bc7 22. Re1 Rad8 23. Bb3 g6 24. Ng4 Bxg4 25. hxg4 Bf4 26. Qf3 Bg5 
27. Qxf6 Bxf6 28. f4 h6 29. Rd1 Rxd1+ 30. Bxd1 Rd8 31. Ke2 Rd7 32. Bc2 a5 
33. Bd3 Kg7 34. Kd2 Bh4 35. Kc2 Bd8 36. b4 Bb6 37. Be2 Kf6 38. Bf3 Bc7 
39. Rc4 Ke7 40. Kb3 axb4 41. cxb4 Rd3+ 42. Kc2 Rd6 43. b5 Kd7 44. bxc6+ bxc6 
45. Kb3 Ba5 46. Rc2 Kc7 47. f5 Rd3+ 48. Kc4 Rd8 49. Kb3 Rb8+ 50. Ka3 Rb6 
51. Rc4 gxf5 52. gxf5 f6 53. Rh4 Bd2 54. Ka2 Bc1 55. Rh1 Be3 56. Rb1 Bd2 
57. Rxb6 Kxb6 58. Kb3 Kc5 59. g4 Be1 60. Kb2 Bg3 61. Kc2 Be5 62. Be4 Bd6 
63. Bg2 Bc7 64. Kb3 Bg3 65. Ka3 Be5 66. Be4 Bd6 67. Kb3 Bg3 68. a5 Kb5 
69. a6 Kxa6 70. Bxc6 Kb6 71. Ba8 Kc5 72. Kc3 Be5+ 73. Kd3 Kd6 74. Ke4 Bc3 
75. Bb7 Kc5 76. Kd3 Be5 77. Be4 Kd6 78. Ke3 Bg3 79. Bd3 Be5 80. Ke4 Ba1 
81. Be2 Be5 82. Ke3 Bc3 83. Kf4 Kd5 84. Bf3+ Kd6 85. Be2 Kd5 86. Ke3 Ke5 
87. Bd3 Bd4+ 88. Kf3 Bc3 89. Be4 Bd2 90. Bc6 Kd4 91. Ke2 Ba5 92. Ba4 Ke5 
93. Bd1 Kf4 94. Kf2 Bd2 95. Kg2 h5 96. gxh5 Kxf5 1/2-1/2

[Event "Wednesday April 4 Engine Tour 9 Rd Swiss 12m+1s Starts at 1600hrs ST"]
[Site "Infinity Chess"]
[Date "2018.4.4"]
[Round "5"]
[White "MarioDeMonti"]
[Black "ivrdurant"]
[Result "1/2-1/2"]
[ECO "C50"]
[WhiteElo "2511"]
[BlackElo "2486"]
[WhiteEngine "stockfish_x64_bmi2_2018_02_18_CTG"]
[BlackEngine "Raubfisch X38"]
[EventType "Swiss"]
[WhiteTeam ""]
[BlackTeam ""]
[PlyCount "45"]
[TimeControl "720+1"]

1. e4 e5 2. Nf3 Nc6 3. Bc4 Bc5 4. O-O Nf6 5. d3 d6 6. c3 a5 7. Re1 Ba7 
8. Nbd2 O-O 9. h3 h6 10. a4 Be6 11. b3 d5 12. exd5 Nxd5 13. Ne4 Re8 14. Bd2 Nf6 
15. Qe2 Qe7 16. Bb5 Nxe4 17. Qxe4 Qd6 18. Bxc6 bxc6 19. Nxe5 Bd5 20. Qf5 Be6 
21. Qe4 Bd5 22. Qf5 Be6 23. Qe4 1/2-1/2